 Dungeon Crawl Stone Soup version 0.26.0-10-g1f06aea511 (webtiles) character file.

Game seed: 10824492348135807103

425 inc the Scratcher (level 6, -1/24 HPs)
             Began as a Felid Enchanter on Jan 29, 2021.
             Was a Follower of Uskayaw.
             Killed from afar by a white imp (8 damage)
             ... with a puff of frost
             ... on level 5 of the Dungeon.
             The game lasted 00:10:00 (6904 turns).

inc the Scratcher (Felid Enchanter)                 Turns: 6904, Time: 00:10:00

Health: -1/24      AC:  2    Str:  4    XL:     6   Next: 64%
Magic:  10/10      EV: 18    Int: 18    God:    Uskayaw [*.....]
Gold:   346        SH:  0    Dex: 17    Spells: 6/9 levels left
                                        Lives:  0   Deaths: 1

rFire    . . .     SeeInvis +     - Unarmed
rCold    . . .     Faith    .   (shield unavailable)
rNeg     . . .     Spirit   .   (armour unavailable)
rPois    .         Reflect  .   (helmet unavailable)
rElec    .         Harm     .   (cloak unavailable)
rCorr    .         Rampage  .   (gloves unavailable)
Will     .....                  (boots unavailable)
Stlth    +++.......             (no amulet)
HPRegen  0.08/turn              i - ring of see invisible
MPRegen  0.12/turn              k - ring of wizardry

@: quick
A: very small, no armour, no weapons or thrown items, stealth, claws 1, fangs 3,
see invisible, speed 1, shaggy fur 2, sharp paws
a: Renounce Religion, Stomp


You were on level 5 of the Dungeon.
You worshipped Uskayaw.
Uskayaw was noncommittal.
You visited 1 branch of the dungeon, and saw 5 of its levels.

You collected 346 gold pieces.

Inventory:

Jewellery
 i - a ring of see invisible (left paw)
 k - a ring of wizardry (right paw)
 o - an uncursed ring of magical power {unknown}
 x - a +4 ring of protection {unknown}
 y - a cursed ring of teleportation {unknown}
Wands
 p - a wand of acid (7)
 s - a wand of iceblast (9)
Scrolls
 a - a scroll of random uselessness {unknown}
 c - 5 scrolls of teleportation {unknown}
 g - 7 scrolls of identify {unknown}
 j - 2 scrolls of amnesia {unknown}
 l - 3 scrolls of remove curse {unknown}
 m - 2 scrolls of enchant armour {unknown}
 n - a scroll of noise {unknown}
 q - a scroll of enchant weapon {unknown}
 r - a scroll of magic mapping {unknown}
 v - 2 scrolls of fear {unknown}
Potions
 b - 3 potions of curing
 d - 2 potions of magic {unknown}
 e - a potion of lignification {unknown}
 f - a potion of attraction {unknown}
 h - 2 potions of berserk rage {unknown}
 t - a potion of mutation {unknown}
 u - a potion of degeneration {unknown}
 w - a potion of invisibility {unknown}
 z - a potion of heal wounds {unknown}


   Skills:
 - Level 2.6 Dodging
 - Level 4.0 Stealth
 + Level 7.9 Unarmed Combat
 - Level 2.0 Spellcasting
 - Level 4.4 Hexes


You had 6 spell levels left.
You knew the following spells:

 Your Spells              Type           Power        Failure   Level
a - Corona                Hex            18%          1%          1
b - Ensorcelled Hibernat  Hex/Ice        18%          4%          2

Your spell library contained the following spells:

 Spells                   Type           Power        Failure   Level
 Confusing Touch          Hex            17%          3%          3
 Tukima's Dance           Hex            17%          3%          3
 Dazzling Flash           Conj/Hex       18%          9%          3


Dungeon Overview and Level Annotations

Branches:
Dungeon (5/15)
 Temple: D:4-7

Altars:
Makhleb
Trog
Uskayaw
Vehumet


Innate Abilities, Weirdness & Mutations

You cannot wear armour.
You are incapable of wielding weapons or throwing items.
Your paws allow you to move quietly. (Stealth)
You have sharp claws.
You have razor-sharp teeth.
You have supernaturally acute eyesight. (SInv)
You cover ground quickly.
You are covered in thick fur. (AC +2)
Your sharp claws are effective at attacking unaware monsters.


Message History

You see here an arrow.
You see here an arrow.
Found a stone staircase leading down.
A white imp comes into view.
The white imp shouts, "Out, out, thou craven saucy swadder!"
A white imp is nearby!
A white imp is nearby!
The white imp gestures at you. The puff of frost hits you!
The white imp gestures at you. The puff of frost hits you!
* * * LOW HITPOINT WARNING * * *
Casting: Ensorcelled Hibernation (safe; 4% risk of failure)
Confirm with . or Enter, or press ? or * to list all spells.
You don't know that spell.
Unknown command.
Okay, then.
The white imp gestures at you. The puff of frost hits you!
You die...

#.. .##.# #.. .##.#
#.####.##.# #>.....
#.#######
#.....###........
#........########
###..5........#
#.....#.......#
#...5.#..@....#####
#.....####.........
#.....# ##.########
#.....###.......#
####.#.##.......#
#.#.##.......#
#.#.###.########
#.#.# #.........
#.#.# #.########


You could see a white imp.

Vanquished Creatures
  2 ogres
  A centaur (D:5)
  2 howler monkeys (D:4)
  An orc wizard (D:3)
  An iguana (D:5)
  2 worker ants (D:4)
  A hound skeleton (D:4)
  A howler monkey skeleton (D:4)
  6 gnolls
  3 adders
  2 oozes (D:1)
  3 worms
  4 leopard geckos
  3 orcs
  3 giant cockroaches
  8 goblins
  11 hobgoblins
  11 jackals
  A quokka (D:3)
  A ball python (D:3)
  5 bats
  4 frilled lizards
  5 kobolds
  A quokka skeleton (D:4)
  7 rats
89 creatures vanquished.

Notes
Turn   | Place    | Note
-------+----------+-------------------------------------------
     0 | D:1      | inc the Felid Enchanter began the quest for the Orb.
     0 | D:1      | Reached XP level 1. HP: 7/7 MP: 4/4
   393 | D:1      | Reached skill level 2 in Unarmed Combat
   626 | D:1      | Reached XP level 2. HP: 11/11 MP: 6/6
   629 | D:1      | Learned a level 2 spell: Ensorcelled Hibernation
  1128 | D:1      | Reached skill level 3 in Unarmed Combat
  1130 | D:1      | Reached XP level 3. HP: 13/14 MP: 0/7
  2137 | D:2      | Found a radiant altar of Vehumet.
  2137 | D:2      | Noticed a +0 dagger
  2150 | D:2      | Noticed a +0 hand axe
  2973 | D:2      | Found a hide-covered altar of Uskayaw.
  2998 | D:2      | Reached XP level 4. HP: 18/18 MP: 5/8
  3119 | D:2      | Became a worshipper of Uskayaw the Reveller
  3150 | D:2      | Reached skill level 4 in Unarmed Combat
  3184 | D:2      | Reached * piety under Uskayaw
  3669 | D:4      | Noticed an ogre
  3716 | D:4      | Killed an ogre
  3717 | D:4      | Reached skill level 5 in Unarmed Combat
  3717 | D:4      | Reached XP level 5. HP: 15/21 MP: 0/9
  3939 | D:4      | Reached skill level 6 in Unarmed Combat
  3983 | D:4      | Gained mutation: You are covered in thick fur. (AC +2)
                  | [Felid growth]
  3983 | D:4      | Reached XP level 6. HP: 19/24 MP: 6/10
  3984 | D:4      | Reached ** piety under Uskayaw
  5337 | D:3      | Found a burning altar of Makhleb.
  5695 | D:3      | HP: 1/24 [gnoll/+0 whip (5)]
  6243 | D:3      | Found a bloodstained altar of Trog.
  6320 | D:3      | Reached skill level 7 in Unarmed Combat
  6325 | D:3      | Slain by a gnoll
  6326 | D:3      | Reached XP level 5. HP: -1/21 MP: 1/9
  6692 | D:5      | Entered Level 5 of the Dungeon
  6699 | D:5      | Noticed an ogre
  6725 | D:5      | Killed an ogre
  6726 | D:5      | Reached XP level 6. HP: 24/24 MP: 0/10
  6904 | D:5      | Killed from afar by a white imp

Illustrated notes

Levels and vault maps discovered:
D:1:      dpeg_arrival_circle_labyrinth_a, layout_basic
D:2:      layout_rooms, lemuel_crystal_altar, dancing_weapons_uskayaw
D:3:      layout_basic, lightli_temple_of_fire, bloody_trog, minivault_14,
          fountainhead, grunt_decor_fettered
D:4:      minmay_recursive_quarters, layout_cave_pools
D:5:      layout_basic, nzn_hepliaklqana_mist_gate, minivault_23

Skill      XL: |  1  2  3  4  5  6 |
---------------+-------------------+-----
Unarmed Combat | 2 3 5 6 7 |  7.9
Dodging        | |  2.6
Stealth        | |  4.0
Spellcasting   | |  2.0
Hexes          | |  4.4

Action                   |  1- 3 |  4- 6 || total
-------------------------+-------+-------++-------
Melee: Unarmed           |    84 |    66 ||   150
       Bite              |     9 |       ||     9
       Punch             |     1 |       ||     1
 Cast: Corona            |     1 |       ||     1
       Ensorcelled Hiber |    37 |    83 ||   120
  Use: Potion            |       |     1 ||     1
 Stab: Sleeping          |    31 |    37 ||    68
       Distracted        |       |     1 ||     1
Armor: Skin              |     7 |     1 ||     8
Dodge: Dodged            |    84 |    74 ||   158
